 Dungeon Crawl Stone Soup version 0.19.1 (webtiles) character file.

65 Gargoyl the Skirmisher (level 4, 0/40 HPs)
             Began as a Ghoul Abyssal Knight on Dec 22, 2016.
             Was a Follower of Lugonu.
             Killed from afar by a white imp (3 damage)
             ... with a puff of frost
             ... summoned by Natasha
             ... on level 2 of the Dungeon.
             The game lasted 00:02:20 (1185 turns).

Gargoyl the Skirmisher (Ghoul Abyssal Knight)       Turns: 1185, Time: 00:02:21

Health: 0/40       AC:  8    Str: 15    XL:     4   Next: 13%
Magic:  4/4        EV:  6    Int:  7    God:    Lugonu [*.....]
Gold:   107        SH:  0    Dex:  9    Spells: 0 memorised, 3 levels left

rFire  . . .     SeeInvis .     a - +1 hand axe
rCold  + . .     Gourm    .     d - +0 chain mail
rNeg   + + +     Faith    .     (no shield)
rPois  ∞         Spirit   .     (no helmet)
rElec  .         Reflect  .     (no cloak)
rCorr  +         Harm     .     (no gloves)
MR     .....                    (no boots)
Stlth  ..........               (no amulet)
                                (no ring)
                                b - ring of resist corrosion

@: rotting
A: rotting body, claws 1, carnivore 3, cold resistance 1, negative energy
resistance 3, slow regeneration 1, torment resistance, unbreathing
a: Depart the Abyss, Renounce Religion


You were on level 2 of the Dungeon.
You worshipped Lugonu.
Lugonu was aware of your devotion.
You were not hungry.

You visited 1 branch of the dungeon, and saw 2 of its levels.
You visited the Abyss 1 time.

You collected 107 gold pieces.

Inventory:

Hand Weapons
 a - a +1 hand axe (weapon)
Armour
 d - a +0 chain mail (worn)
Jewellery
 b - a ring of resist corrosion (left claw)
 g - a cursed -2 ring of protection {unknown}
Scrolls
 e - a scroll of random uselessness {unknown}
 j - a scroll of enchant weapon {unknown}
 l - a scroll of remove curse {unknown}
 n - a scroll of fear {unknown}
 o - a scroll of fog {unknown}
Potions
 f - a potion of heal wounds {unknown}
 h - a potion of berserk rage {unknown}
 i - a potion of agility {unknown}
 k - a potion of flight {unknown}
 m - a potion of might {unknown}
 p - a potion of curing {unknown}
Comestibles
 c - a meat ration
 q - a chunk of flesh


   Skills:
 + Level 4.0 Fighting
 + Level 2.5 Axes
 * Level 2.4 Armour
 + Level 1.1 Dodging
 * Level 2.2 Invocations


You had 3 spell levels left.
You didn't know any spells.

Dungeon Overview and Level Annotations

Branches:
Dungeon (2/15)

Altars:

Annotations:
D:2 Natasha


Innate Abilities, Weirdness & Mutations

Your body is rotting away.
You thrive on raw meat.
You are immune to poison.
You have sharp fingernails.
You are carnivorous and can eat meat at any time.
Your flesh is cold resistant. (rC+)
You are immune to negative energy. (rN+++)
You regenerate slowly when monsters are visible.
You are immune to unholy pain and torment.
You can survive without breathing.


Message History

Natasha claws you!
You hit Natasha.
Natasha is severely wounded.
Natasha howls an incantation.
Natasha shimmers violently.
Natasha claws you!
* * * LOW HITPOINT WARNING * * *
You hit Natasha.
Natasha is severely wounded.
You hit the white imp but do no damage. Natasha claws you.
* * * LOW HITPOINT WARNING * * *
The white imp gestures at you. The puff of frost hits you! You resist.
* * * LOW HITPOINT WARNING * * *
You hit Natasha but do no damage.
Natasha is severely wounded.
You closely miss the white imp. Natasha barely misses you.
The white imp gestures at you. The puff of frost hits you! You resist.
You die...

. . .## . #... .# ##
.. ..# ...### .# ...
##### ....## .##....
....#
######..##....(..
..#.
(........@h......
..# ######...5......
..#
#######...#...%....
###
##.......#####.##..#
.####......### .# .#
..........## .# .
#.##...#### #
#.#.....# ....###..#


You could see Natasha and a white imp.

Vanquished Creatures
  Natasha (D:2)
  An ooze (D:1)
  3 dart slugs (D:1)
  2 giant cockroaches (D:2)
  6 goblins
  2 hobgoblins (D:1)
  2 jackals (D:1)
  4 kobolds (D:1)
  A quokka (D:2)
  A bat (D:1)
  A frilled lizard (D:2)
  5 rats
29 creatures vanquished.

Notes
Turn   | Place    | Note
-------+----------+-------------------------------------------
     0 | Abyss:1  | Gargoyl the Ghoul Abyssal Knight began the quest for the Orb.
     0 | Abyss:1  | Reached XP level 1. HP: 19/19 MP: 1/1
    65 | Abyss:1  | Found a corrupted altar of Lugonu.
    92 | Abyss:1  | Found a corrupted altar of Lugonu.
   146 | Abyss:1  | Noticed a shadow
   149 | D:1      | Escaped the Abyss
   241 | D:1      | Reached XP level 2. HP: 20/22 MP: 2/2
   334 | D:1      | Reached skill level 1 in Dodging
   345 | D:1      | Reached * piety under Lugonu
   471 | D:1      | Reached XP level 3. HP: 31/32 MP: 3/3
  1155 | D:2      | Noticed Natasha
  1171 | D:2      | Killed Natasha
  1171 | D:2      | Reached skill level 4 in Fighting
  1171 | D:2      | Reached XP level 4. HP: 17/39 MP: 4/4
  1177 | D:2      | Noticed Natasha
  1185 | D:2      | Killed from afar by a white imp

Skill      XL: |  1  2  3 |
---------------+----------+-----
Axes           | 2 |  2.5
Dodging        | 1 |  1.1
Armour         | 2 |  2.4
Fighting       | 4 |  4.0
Invocations    | |  2.2

Action                   |  1- 3 |  4- 6 || total
-------------------------+-------+-------++-------
Melee: Hand axe          |    90 |     6 ||    96
Invok: Depart the Abyss  |     1 |       ||     1
  Eat: Chunk             |     7 |     3 ||    10
Armor: Chain mail        |    52 |       ||    52
Dodge: Dodged            |    24 |     1 ||    25
